 Dungeon Crawl Stone Soup version 0.28-a0-1084-ga282ea246d (webtiles) character file.

Game seed: 2360333001338630093

247 BinkBink the Chopper (level 5, 0/49 HPs)
             Began as a Deep Dwarf Monk on Dec 10, 2021.
             Slain by an orc (1 damage)
             ... on level 2 of the Dungeon.
             The game lasted 00:02:59 (1551 turns).

BinkBink the Chopper (Deep Dwarf Monk)              Turns: 1551, Time: 00:02:59

Health: 0/49       AC:  5    Str: 20    XL:     5   Next: 85%
Magic:  4/4        EV: 12    Int: 11    God:
Gold:   60         SH:  0    Dex: 17    Spells: 4/4 levels left

rFire   . . .      SeeInvis .   a - +0 hand axe
rCold   . . .      Faith    .   (no shield)
rNeg    . . .      Spirit   .   i - +0 ring mail
rPois   .          Reflect  .   (no helmet)
rElec   .          Harm     .   (no cloak)
rCorr   .          Rampage  .   (no gloves)
Will    .....                   (no boots)
Stlth   ++........              (no amulet)
HPRegen 0.00/turn               c - +6 ring of strength
MPRegen 0.09/turn               (no ring)

@: no status effects
A: damage resistance, heal wounds, sense surroundings 1, no regeneration
a: Heal Wounds


You were on level 2 of the Dungeon.
You visited 1 branch of the dungeon, and saw 2 of its levels.

You collected 60 gold pieces.

Inventory:

Hand Weapons
 a - a +0 hand axe (weapon)
Armour
 b - a +0 robe
 i - a +0 ring mail (worn)
Jewellery
 c - a +6 ring of strength (left hand)
Scrolls
 d - a scroll of acquirement {unknown}
 f - a scroll of noise {unknown}
 h - a scroll of immolation {unknown}
 k - a scroll of holy word {unknown}
Potions
 e - 2 potions of brilliance {unknown}
 g - 2 potions of curing {unknown}
 j - a potion of ambrosia {unknown}


   Skills:
 + Level 3.3 Fighting
 + Level 5.1 Axes
 * Level 3.1 Armour
 + Level 3.8 Dodging
 + Level 3.3 Stealth


You had 4 spell levels left.
You didn't know any spells.
Your spell library was empty.

Dungeon Overview and Level Annotations

Branches:
Dungeon (2/15)

Altars:


Innate Abilities, Weirdness & Mutations

You are resistant to damage.
You can heal yourself by infusing magical energy.
You passively map a small area around you.
You do not regenerate.


Message History

You are too injured to fight recklessly!
You closely miss the hobgoblin.
The hobgoblin is moderately wounded.
The hobgoblin hits you.
You barely miss the hobgoblin.
The hobgoblin is moderately wounded.
The hobgoblin barely misses you.
You hit the hobgoblin.
The hobgoblin is severely wounded.
The hobgoblin hits you but does no damage.
You barely miss the hobgoblin.
The hobgoblin is severely wounded.
The hobgoblin hits you.
You hit the hobgoblin.
You kill the hobgoblin!
You hit the orc.
The orc is lightly wounded.
The orc barely misses you.
You barely miss the orc.
The orc is lightly wounded.
The orc priest calls upon Beogh to heal the orc.
The orc's wounds heal themselves!
The orc closely misses you.
You slash the orc!
You kill the orc!
The orc priest invokes the aid of Beogh against you.
Beogh smites you!
* * * LOW HITPOINT WARNING * * *
You barely miss the orc. The orc hits you with a +0 flail.
* * * LOW HITPOINT WARNING * * *
You completely miss the orc. The orc hits you with a +0 flail!
* * * LOW HITPOINT WARNING * * *
You hit the orc.
The orc is heavily wounded.
The orc completely misses you.
You hit the orc.
You kill the orc!
You hit the orc.
The orc is moderately wounded.
The orc hits you with a +0 short sword.
You die...

#..... +...+... .<#...[ *
,*
#....###..^#.#######....
#......'........).รท.....
*
####.###...#.###########
* ###.# #...#.# #...#
#####.# #...# ###.### ,*
#...#####.....###***
#..>..@ooo....... , ,,
#...#####........ , #...#
#........* #...#
#<....... ##### #........
#........ , ######... *
### *


You could see an orc priest and 2 orcs.

Vanquished Creatures
  Sigmund (D:2)
  Terence (D:2)
  3 dart slugs (D:1)
  7 orcs (D:2)
  4 ball pythons
  3 endoplasms
  2 giant cockroaches (D:1)
  4 goblins
  5 hobgoblins
  5 quokkas
  4 bats
  2 frilled lizards
  4 kobolds (D:1)
  A rat (D:2)
46 creatures vanquished.

Notes
Turn   | Place    | Note
-------+----------+-------------------------------------------
     0 | D:1      | BinkBink the Deep Dwarf Monk began the quest for the Orb.
     0 | D:1      | Reached XP level 1. HP: 20/20 MP: 1/1
   109 | D:1      | Reached XP level 2. HP: 25/27 MP: 2/2
   437 | D:1      | Reached XP level 3. HP: 19/33 MP: 3/3
  1147 | D:2      | Reached skill level 4 in Axes
  1160 | D:2      | Reached skill level 1 in Armour
  1181 | D:2      | Noticed Sigmund
  1298 | D:2      | Noticed Terence
  1318 | D:2      | Killed Terence
  1319 | D:2      | Reached XP level 4. HP: 14/42 MP: 4/4
  1505 | D:2      | Killed Sigmund
  1506 | D:2      | Reached skill level 5 in Axes
  1506 | D:2      | Reached XP level 5. HP: 14/49 MP: 4/4
  1548 | D:2      | HP: 1/49 [orc (7)]
  1551 | D:2      | Slain by an orc

Illustrated notes

Levels and vault maps discovered:
D:1:      wheals_arrival_shading, layout_loops_ring, serial_co_window_serial,
          co_window_paths_a, co_window_paths_a, co_window_paths_b,
          co_window_of_opportunity_a, co_window_paths_a, co_window_corner_b,
          co_window_of_opportunity_b, co_window_of_opportunity_b,
          co_window_corner_b, co_window_unsneaky_path_a, co_window_2corner,
          co_window_of_opportunity_c, co_window_paths_e, glass_columns_b,
          glass_columns_a
D:2:      layout_basic, serial_shops, nicolae_shop_window_shopping,
          dreamdust_ecumenical_altar_drowned_temple, uniq_terence, uniq_sigmund

Skill      XL: |  1  2  3  4 |
---------------+-------------+-----
Fighting       | 3 |  3.3
Axes           | 4 5 |  5.1
Armour         | 1 3 |  3.1
Stealth        | 3 |  3.3
Dodging        | |  3.8

Action                   |  1- 3 |  4- 6 || total
-------------------------+-------+-------++-------
Melee: Hand axe          |   118 |    57 ||   175
 Abil: Heal Wounds       |     1 |     2 ||     3
 Stab: Sleeping          |    11 |       ||    11
Armor: Robe              |     8 |       ||     8
       Ring mail         |    15 |    16 ||    31
Dodge: Dodged            |    57 |    31 ||    88

Table legend: (Time is in decaauts)
 A = Elapsed time spent in this place.
 B = Non-inter-level travel time spent in this place.
 C = Inter-level travel time spent in this place.
 D = Time resting spent in this place.
 E = Time spent auto-exploring this place.
 F = Levels seen in this place.
 G = Mean time per level.
                   A        B        C        D        E       F      G
               +--------+--------+--------+--------+--------+-----+--------+
         Total |   1567 |   1477 |     90 |      0 |    982 |   2 |  783.5 |
       Dungeon |   1567 |   1477 |     90 |      0 |    982 |   2 |  783.5 |
               +--------+--------+--------+--------+--------+-----+--------+

Top non-repeatable levels by time:
     D:1: 1138 daAuts
     D:2: 429 daAuts
